 Dungeon Crawl Stone Soup version 0.30-a0-715-gdb4ae3ece1 (webtiles) character file.

Game seed: 13695441760802821028

19809 junb69 the Black Belt (level 12, -1/93 (104) HPs)
             Began as an Octopode Transmuter on Jan 24, 2023.
             Was the Champion of Ru.
             Killed from afar by a swamp worm (4 damage)
             ... with a harpoon shot
             ... on level 2 of the Lair of Beasts.
             The game lasted 00:39:17 (14422 turns).

junb69 the Black Belt (Octopode Transmuter)        Turns: 14422, Time: 00:39:17

HP:   -1/93 (104)   AC:  9    Str: 10    XL:     12   Next: 72%
MP:   18/18         EV:  9    Int: 20    God:    Ru [******]
Gold: 663           SH:  0    Dex: 12    Spells: 14/21 levels left

rFire   . . .      SeeInvis +      - Unarmed
rCold   + + .      Faith    .    (helmet currently unavailable)
rNeg    . . .      Spirit   .    (no amulet)
rPois   +          Reflect  .    k - ring of see invisible
rElec   .          Harm     .    m - ring of Yfoji {rCorr Slay+6}
rCorr   +          Rampage  .    v - ring of fire
Will    .....      Clarity  +    (no ring)
Stlth   +                        (no ring)
HPRegen 0.35/turn                (no ring)
MPRegen 0.16/turn                (no ring)

@: exhausted, ice-form, heavily drained
A: freezing attack, boosted hp, almost no armour, amphibious, 7 rings, large,
(camouflage 1), (gelatinous body 1), missing a hand, hated by all, inability to
train dodging, (nimble swimmer 1), (tentacles), (iridescent scales 1), clarity,
low MP 1
a: End Transformation, Renounce Religion, Draw Out Power, Power Leap, Apocalypse


You were on level 2 of the Lair of Beasts.
You worshipped Ru.
Ru was exalted by your worship.
You were a creature of crystalline ice.
You visited 3 branches of the dungeon, and saw 13 of its levels.

You collected 804 gold pieces.
You spent 141 gold pieces at shops.

Inventory:

Missiles
 a - 6 throwing nets
Armour
 h - a +0 hat (melded)
Magical Staves
 i - a staff of earth
Jewellery
 k - a ring of see invisible (left front paw)
 m - the ring of Yfoji (right front paw) {rCorr Slay+6}
   (You found it on level 3 of the Dungeon)

   [ring of resist corrosion]

   Slay:      It affects your accuracy & damage with ranged weapons and melee
   (+6).
   rCorr:     It protects you from acid and corrosion.
 v - a ring of fire (on tentacle)
 w - a ring of ice
Wands
 r - a wand of iceblast (2)
 t - a wand of flame (4)
 y - a wand of paralysis (10)
Scrolls
 b - 2 scrolls of silence
 e - a scroll of fog
 j - a scroll of poison
 l - a scroll of torment {unknown}
 o - a scroll of noise {unknown}
 p - 2 scrolls of amnesia
 s - a scroll of butterflies {unknown}
 z - a scroll of identify
Potions
 d - 2 potions of curing
 f - 2 potions of cancellation {unknown}
 g - 5 potions of brilliance
 q - 4 potions of might
 u - 2 potions of magic {unknown}
 x - a potion of invisibility {unknown}


   Skills:
 - Level 10.0 Fighting
   Level 0.0 Dodging
 * Level 15.7 Unarmed Combat
 - Level 5.4 Spellcasting
 - Level 8.1 Transmutations
 - Level 7.6 Ice Magic


You had 14 spell levels left.
You knew the following spells:

 Your Spells              Type           Power      Damage    Failure   Level
a - Beastly Appendage     Tmut           76%        N/A       1%          1
b - Ice Form              Ice/Tmut       37%        N/A       4%          4
c - Ensorcelled Hibernat  Hex/Ice        40%        N/A       3%          2

Your spell library contained the following spells:

 Spells                   Type           Power      Damage    Failure   Level
 Wereblood                Tmut           38%        N/A       1%          2
 Spider Form              Tmut/Pois      21%        N/A       6%          3
 Shock                    Conj/Air       20%        1d4       11%         1
 Sublimation of Blood     Necr           5%         N/A       17%         2
 Gell's Gravitas          Tloc           5%         N/A       32%         3
 Swiftness                Air            5%         N/A       32%         3
 Teleport Other           Tloc           5%         N/A       32%         3
 Airstrike                Air            2%         2d(1-17)  73%         4
 Anguish                  Hex/Necr       2%         N/A       73%         4
 Lightning Bolt           Conj/Air       2%         1d14      97%         5
 Dispersal                Tloc           2%         N/A       100%        6
 Summon Lightning Spire   Summ/Air       Unusable   N/A       N/A         4
 Summon Hydra             Summ           Unusable   N/A       N/A         7

Dungeon Overview and Level Annotations

Branches:
Dungeon (9/15)             Temple (1/1) D:4            Lair (3/5) D:9
  Swamp (0/4) Lair:2        Snake (0/4) Lair:2
    Orc: D:9-12

Altars:
Ashenzari
Cheibriados
Dithmenos
Elyvilon
Gozag
Makhleb
Nemelex Xobeh
Okawaru
Qazlal
Ru
Sif Muna
Trog
Uskayaw
Xom
Zin
The Shining One

Shops:
D:5 (**!   D:8 [

Annotations:
D:3 Natasha
D:5 3 runed translucent doors, Stoves66's ghost, novice DECj
Lair:2 1 transporter
Lair:3 Sonja


Innate Abilities, Weirdness & Mutations

You are a creature of crystalline ice.
You have a powerful freezing melee attack.
Your maximum health is increased.
Your armour is entirely melded.
You are incapable of wielding weapons or throwing items.
You cannot wear most types of armour.
You are amphibious.
You can wear up to seven rings at the same time.
((Your skin changes colour to match your surroundings (Stealth+).))
((Your rubbery body absorbs attacks. (AC +1, EV +1)))
You are missing a hand.
You are hated by all.
You cannot train Dodging skill.
((You are camouflaged when in or above water. (Stealth+)))
((You have tentacles for arms and can constrict up to seven enemies at once.))
((You are partially covered in iridescent scales. (AC +2)))
You possess an exceptional clarity of mind.
Your magical capacity is low. (-10% MP)


Message History

The swamp worm fires a harpoon shot at you.
The harpoon shot hits you!
You are yanked forward by the harpoon shot.
You violently stop moving!
The swamp worm begins to attack, but is stunned by your conviction!
The swamp worm fires a harpoon shot at you.
The harpoon shot hits you!
You are yanked forward by the harpoon shot.
You violently stop moving!
* * * LOW HITPOINT WARNING * * *
The swamp worm fires a harpoon shot at you.
The harpoon shot misses you.
As you read the scroll of fear, it crumbles to dust.
You assume a fearsome visage.
The swamp worm looks frightened! x3
The swamp worm resists with some effort.
The swamp worm fires a harpoon shot at you.
The harpoon shot hits you.
* * * LOW HITPOINT WARNING * * *
You are yanked forward by the harpoon shot.
You collide with the briar patch!
The briar patch is destroyed!
* * * LOW HITPOINT WARNING * * *
You become entangled in the net!
Okay, then.
As you read the scroll of fog, it crumbles to dust.
The scroll dissolves into smoke.
Cornered, the swamp worm turns to fight! x3
The air fills with toxic fumes!
As you read the scroll of poison, it crumbles to dust.
The swamp worm fires a harpoon shot at you.
The harpoon shot hits you.
* * * LOW HITPOINT WARNING * * *
You are yanked forward by the harpoon shot.
You violently stop moving!
* * * LOW HITPOINT WARNING * * *
You focus your inner power and slow the swamp worm in retribution!
The swamp worm begins to attack, but is stunned by your conviction! x2
The swamp worm fires a harpoon shot at you.
The harpoon shot hits you.
You die...

.###.##.##.......©...............
...............#####......###..#.
...............#=©[#.............
...............#$$$#.............
..###..##....####+####...........
..#.#####....#w§P§P§##...........
..##...#.....##§P§P§w#.....P##.#.
..##....#....#♣§P§°###.....P##..P
...#...##....###Y§P§♣#...........
..#.....#....#w§§§P§##.....#.>...
.......P#....##§☼§§§w#.....#P....
.......##....#♣○P§P○##.....##....
..#....##....###P©P###......###..
..######.......#####.÷.....#^.#..
....###.#........©...............
.................................
.................................


You could see 3 swamp worms.

Vanquished Creatures
  Harold (D:9)
  A two-headed ogre (D:9)
  6 death yaks (D:9)
  Amaemon (Lair:1)
  Pikel (D:7)
  4 elephants (Lair:1)
  A torpor snail (Lair:1)
  Joseph (Lair:1)
  2 black mambas
  An orange demon (Lair:1)
  Maggie (Lair:1)
  2 cane toads
  10 rime drakes
  A komodo dragon (Lair:1)
  Grinder (D:4)
  A hornet (D:9)
  3 blink frogs (Lair:1)
  A wyvern (D:9)
  10 yaks
  7 steam dragons
  2 nagas (Lair:2)
  Edmund (D:5)
  An acid dragon (D:9)
  3 water moccasins
  An ice beast (D:7)
  A sky beast (D:7)
  3 black bears
  An ogre (D:6)
  4 wolves (Lair:1)
  2 centaurs (D:9)
  5 phantoms
  A kobold brigand (D:7)
  A gnoll sergeant (D:8)
  3 bullfrogs
  4 necrophages
  3 scorpions
  6 wights (D:6)
  3 howler monkeys (D:8)
  9 hounds
  2 jellies
  7 orc priests
  5 iguanas
  7 orc wizards
  14 adders
  14 gnolls
  A shadow imp (D:4)
  A white imp (D:6)
  An ufetubus (D:7)
  2 worms (D:2)
  3 dart slugs
  32 orcs
  5 bats
  5 endoplasms
  3 giant cockroaches (D:4)
  15 goblins
  6 hobgoblins
  12 kobolds
  5 quokkas
  6 ball pythons
  3 frilled lizards
  6 rats
  A butterfly (Lair:2)
266 creatures vanquished.

Vanquished Creatures (others)
  A rime drake (Lair:2)
  3 briar patches (Lair:2)
  14 fungi
  9 plants
27 creatures vanquished.

Grand Total: 293 creatures vanquished

Notes
Turn   | Place    | Note
-------+----------+-------------------------------------------
     0 | D:1      | junb69 the Octopode Transmuter began the quest for the Orb.
     0 | D:1      | Reached XP level 1. HP: 13/13 MP: 3/3
    73 | D:1      | Reached XP level 2. HP: 18/18 MP: 3/5
   275 | D:1      | Reached skill level 4 in Unarmed Combat
   347 | D:1      | Reached XP level 3. HP: 22/23 MP: 4/6
  1229 | D:2      | Found a faded altar of an unknown god.
  1523 | D:2      | Reached XP level 4. HP: 14/28 MP: 7/7
  1528 | D:2      | Learned a level 4 spell: Ice Form
  1962 | D:3      | Identified the +2 leather armour "Huskeosm" {*Slow Slay+5}
  2067 | D:3      | Identified the ring of Yfoji {rCorr Slay+6}
  2090 | D:3      | Noticed Natasha
  2307 | D:3      | Noticed a +0 dagger
  2307 | D:3      | Noticed a +0 falchion
  2308 | D:3      | Noticed a +0 spear
  2308 | D:3      | Noticed a +0 dagger
  2308 | D:3      | Noticed a +0 spear
  2308 | D:3      | Noticed a +0 short sword
  2311 | D:3      | Noticed a +0 falchion
  2312 | D:3      | Noticed a +0 short sword
  2357 | D:3      | Reached skill level 1 in Ice Magic
  2415 | D:3      | Found a hide-covered altar of Uskayaw.
  2451 | D:3      | Gained mutation: Your magical capacity is low. (-10% MP)
                  | [potion of mutation]
  2451 | D:3      | Gained mutation: You possess an exceptional clarity of
                  | mind. [potion of mutation]
  2451 | D:3      | Gained mutation: You are partially covered in iridescent
                  | scales. (AC +2) [potion of mutation]
  2457 | D:3      | Reached XP level 5. HP: 18/33 MP: 5/7
  3020 | D:4      | Found a staircase to the Ecumenical Temple.
  3049 | Temple   | Entered the Ecumenical Temple
  3062 | Temple   | Became a worshipper of Ru the Awakened
  3093 | D:4      | Noticed Grinder
  3193 | D:4      | Found a basalt altar of Yredelemnul.
  3275 | D:4      | Reached XP level 6. HP: 38/38 MP: 8/8
  3538 | D:4      | Found a white marble altar of Elyvilon.
  3671 | D:4      | Killed Grinder
  3672 | D:4      | Reached skill level 5 in Transmutations
  3672 | D:4      | Reached XP level 7. HP: 15/43 MP: 5/9
  4702 | D:5      | Entered Level 5 of the Dungeon
  4707 | D:5      | Found an opulent altar of Gozag.
  4736 | D:5      | Noticed Edmund
  4752 | D:5      | Killed Edmund
  4780 | D:5      | Reached XP level 8. HP: 22/52 MP: 6/12
  4820 | D:5      | Gained mutation: You are hated by all. [Ru sacrifice]
  4820 | D:5      | Reached * piety under Ru
  4820 | D:5      | Reached ** piety under Ru
  4962 | D:5      | Found Wedisuef's General Store.
  5016 | D:5      | Bought a scroll of identify for 28 gold pieces
  5068 | D:5      | Found Jicuf's Distillery.
  5223 | D:5      | Bought a potion of heal wounds for 65 gold pieces
  5246 | D:5      | Found a runed translucent gate.
  5246 | D:5      | Found a runed translucent gate.
  5247 | D:5      | Found a runed translucent gate.
  5265 | D:5      | Found Ciodgh's Assorted Antiques.
  5326 | D:5      | Found Qelit's Antique Weapon Emporium.
  5442 | D:5      | Reached skill level 5 in Spellcasting
  5448 | D:5      | Reached skill level 5 in Fighting
  5553 | D:5      | Noticed Stoves66's ghost (novice DECj)
  5674 | D:5      | Bought a scroll of identify for 48 gold pieces
  5734 | D:5      | Found a burning altar of Makhleb.
  5855 | D:6      | Identified the +1 short sword "Pabluesu" {flame, Contam
                  | rF+++ Str+2 Int+7}
  5897 | D:6      | Reached skill level 5 in Unarmed Combat
  5897 | D:6      | Reached XP level 9. HP: 52/61 MP: 15/15
  6071 | D:6      | Reached skill level 6 in Unarmed Combat
  6303 | D:6      | Learned a level 2 spell: Ensorcelled Hibernation
  6310 | D:6      | Reached skill level 7 in Unarmed Combat
  7049 | D:6      | Reached skill level 8 in Unarmed Combat
  7192 | D:7      | Found a glowing golden altar of the Shining One.
  7289 | D:7      | Gained mutation: You are missing a hand. [Ru sacrifice]
  7289 | D:7      | Reached *** piety under Ru
  7289 | D:7      | Reached **** piety under Ru
  7466 | D:7      | Reached skill level 9 in Unarmed Combat
  7536 | D:7      | Noticed Pikel
  7549 | D:7      | Killed Pikel
  7550 | D:7      | Reached XP level 10. HP: 66/66 MP: 12/16
  7605 | D:7      | Reached skill level 10 in Unarmed Combat
  7883 | D:7      | Found a sparkling altar of Nemelex Xobeh.
  8041 | D:8      | Found Ysimiy's Antique Armour Shop.
  8975 | D:8      | Found the +5 Force Lance {heavy, knockback}
  9117 | D:8      | Found a shadowy altar of Dithmenos.
  9361 | D:9      | Reached skill level 5 in Ice Magic
  9550 | D:9      | Noticed a death yak
  9591 | D:9      | Killed a death yak
  9649 | D:9      | Noticed a death yak
  9651 | D:9      | Noticed a death yak
  9669 | D:9      | Killed a death yak
  9751 | D:9      | Noticed a death yak
  9751 | D:9      | Noticed a death yak
  9774 | D:9      | Killed a death yak
  9810 | D:9      | Noticed a death yak
  9813 | D:9      | Killed a death yak
  9818 | D:9      | Killed a death yak
  9819 | D:9      | Reached XP level 11. HP: 37/72 MP: 10/17
 10036 | D:9      | Noticed a two-headed ogre
 10049 | D:9      | HP: 4/86 [two-headed ogre/+0 giant club (11)]
 10050 | D:9      | Killed a two-headed ogre
 10087 | D:9      | HP: 3/86 [death yak (13)]
 10089 | D:9      | Killed a death yak
 10445 | D:9      | Gained mutation: You cannot train Dodging skill. [Ru
                  | sacrifice]
 10445 | D:9      | Reached ***** piety under Ru
 10445 | D:9      | Reached ****** piety under Ru
 10450 | D:9      | Noticed Harold
 10468 | D:9      | Killed Harold
 10475 | D:9      | Found a stormy altar of Qazlal.
 10735 | D:9      | Found a staircase to the Lair.
 10841 | Lair:1   | Entered Level 1 of the Lair of Beasts
 11421 | Lair:1   | Noticed Maggie
 11622 | Lair:1   | Reached skill level 10 in Fighting
 11720 | Lair:1   | Reached XP level 12. HP: 81/87 MP: 13/18
 11746 | Lair:1   | Noticed Amaemon
 11760 | Lair:1   | Reached skill level 11 in Unarmed Combat
 11915 | Lair:1   | Killed Amaemon
 12081 | Lair:1   | Reached skill level 12 in Unarmed Combat
 12213 | Lair:1   | Killed Maggie
 12299 | Lair:1   | Noticed Joseph
 12405 | Lair:1   | Killed Joseph
 12604 | Lair:2   | Found a staircase to the Snake Pit.
 12644 | Lair:2   | Reached skill level 13 in Unarmed Combat
 12701 | Lair:2   | Found a staircase to the Swamp.
 13014 | Lair:2   | Found a transporter.
 13380 | Lair:2   | Reached skill level 14 in Unarmed Combat
 13401 | Lair:3   | Noticed Sonja
 13925 | Lair:2   | Found a transporter.
 13947 | Lair:2   | Reached skill level 15 in Unarmed Combat
 14387 | Lair:2   | HP: 5/104 [briar patch collision (23)]
 14422 | Lair:2   | HP: 3/93 [some lava collision (12)]
 14422 | Lair:2   | Killed from afar by a swamp worm

Illustrated notes

Levels and vault maps discovered:
D:1:      dpeg_arrival_rooms_with_view, layout_basic
D:2:      layout_basic, hellmonk_ecumenical_altar_heavens_door
D:3:      layout_basic, nicolae_uskayaw_en_pointe, uniq_natasha
D:4:      layout_basic, kennysheep_ying_yang, minmay_temple_entry_arrows,
          serial_park_tiny_2, minmay_liquid_box, hangedman_decor_slide_cut,
          skrybe_limestone_x, saegor_snake_ambush, uniq_grinder
D:5:      layout_cave_pools, lightli_temple_of_fire, nicolae_gozag_seed_capital,
          gammafunk_ghost_icy, serial_shops, nicolae_shop_crystal, shop,
          nicolae_shop_stone, shop, dreamdust_gnoll_farm, uniq_edmund
D:6:      layout_loops_ring, minmay_starry_boxes
D:7:      layout_rooms, general_overflow_altar,
          mainiacjoe_overflow_concentric_impassable, uniq_pikel
D:8:      layout_basic, grunt_dithmenos_smoke, serial_shops,
          nicolae_shop_crystal, serial_co_window_serial,
          co_window_of_opportunity_a, co_window_of_opportunity_a,
          co_window_of_opportunity_a, co_window_paths_a, co_window_corner_a,
          co_window_paths_a, co_window_paths_a, co_window_paths_a,
          co_window_paths_a, co_window_paths_c, co_window_paths_c,
          co_window_corner_ca, co_window_corner_b, co_window_2corner,
          co_window_corner_ca, co_window_cross_3, co_window_paths_d,
          glass_columns_a, glass_columns_c, glass_columns_b, glass_columns_a
D:9:      layout_cross, mainiacjoe_overflow_alcove_4, dpeg_lair_monsters,
          hangedman_decor_diamond_cutter, uniq_harold
Temple:   hellmonk_temple_micro_hex
Lair:1:   hellmonk_destroyed_diamonds, layout_long_grid,
          infiniplex_staircase_pool_2, uniq_amaemon, uniq_joseph, uniq_maggie
Lair:2:   gammafunk_worm_tunnel, layout_regular_city, swamp_mist_pool,
          guppyfry_snake_entry_island, minivault_23, bobbens_dragon_lair_wall,
          lemuel_fruit_fields
Lair:3:   layout_cave_pods, grunt_forest_small_clearings, lemuel_oklob_altar,
          uniq_sonja

Skill      XL: |  1  2  3  4  5  6  7  8  9 10 11 12 |
---------------+-------------------------------------+-----
Unarmed Combat | 4 5 9 10 15 | 15.7
Ice Magic      | 1 3 4 7 |  7.6
Transmutations | 3 4 5 8 |  8.1
Spellcasting   | 3 5 |  5.4
Fighting       | 3 5 10 | 10.0
Dodging        | 0 |  0.0

Action                     |  1- 3 |  4- 6 |  7- 9 | 10-12 || total
---------------------------+-------+-------+-------+-------++-------
  Melee: Unarmed           |    80 |    81 |   206 |   286 ||   653
         Constrict         |    20 |    22 |    11 |       ||    53
         Tentacles         |    12 |    12 |     3 |       ||    27
         Kick              |    23 |    17 |     2 |       ||    42
         Punch             |     2 |     1 |       |       ||     3
   Cast: Beastly Appendage |    20 |    15 |     2 |       ||    37
         Ice Form          |       |     3 |    31 |    51 ||    85
         Ensorcelled Hiber |       |       |     1 |     3 ||     4
 Invoke: Sacrifice Love    |       |       |     1 |       ||     1
         Sacrifice a Hand  |       |       |     1 |       ||     1
         Draw Out Power    |       |       |       |     5 ||     5
         Sacrifice Nimblen |       |       |       |     1 ||     1
    Use: Potion            |       |     4 |     1 |     4 ||     9
         Scroll            |       |     3 |     8 |    18 ||    29
   Stab: Sleeping          |     3 |     1 |       |       ||     4
         Invisible         |       |       |     1 |     7 ||     8
         Paralysed         |       |       |     1 |     8 ||     9
 Armour: Skin              |     6 |    11 |    45 |    61 ||   123
  Dodge: Dodged            |    43 |    35 |    78 |    75 ||   231

Table legend: (Time is in decaauts)
 A = Elapsed time spent in this place.
 B = Non-inter-level travel time spent in this place.
 C = Inter-level travel time spent in this place.
 D = Time resting spent in this place.
 E = Time spent auto-exploring this place.
 F = Levels seen in this place.
 G = Mean time per level.
                   A        B        C        D        E       F      G
               +--------+--------+--------+--------+--------+-----+--------+
         Total |  14316 |  13974 |    342 |   2801 |   8772 |  13 | 1101.2 |
       Dungeon |  10747 |  10454 |    293 |   1918 |   6802 |   9 | 1194.1 |
        Temple |     18 |     14 |      4 |      0 |      0 |   1 |   18.0 |
          Lair |   3550 |   3505 |     45 |    883 |   1970 |   3 | 1183.3 |
               +--------+--------+--------+--------+--------+-----+--------+

Top non-repeatable levels by time:
     D:4: 1706 daAuts
  Lair:1: 1695 daAuts
     D:9: 1462 daAuts
  Lair:2: 1416 daAuts
     D:8: 1388 daAuts
     D:6: 1330 daAuts
     D:3: 1115 daAuts
     D:5: 1097 daAuts
     D:1: 1061 daAuts
     D:7: 800 daAuts
     D:2: 785 daAuts
  Lair:3: 439 daAuts
  Temple: 18 daAuts
